 Dungeon Crawl Stone Soup version 0.23-a0-577-g2b1de94 (webtiles) character file.

2317 Lavandula the Slicer (level 9, -12/52 HPs)
             Began as a Halfling Enchanter on Dec 15, 2018.
             Was an Initiate of Sif Muna.
             Mangled by an orc warrior
             ... wielding a +0 halberd
              (17 damage)
             ... on level 8 of the Dungeon.
             The game lasted 00:23:18 (4506 turns).

Lavandula the Slicer (Halfling Enchanter)           Turns: 4506, Time: 00:23:20

Health: -12/52     AC:  4    Str:  9    XL:     9   Next: 69%
Magic:  9/17       EV: 18    Int: 16    God:    Sif Muna [......]
Gold:   192        SH:  0    Dex: 20    Spells: 1/19 levels left

rFire    . . .     SeeInvis .   f - +0 dagger (venom)
rCold    . . .     Gourm    .   (shield restricted)
rNeg     . . .     Faith    .   b - +0 robe
rPois    .         Spirit   .   (no helmet)
rElec    .         Reflect  .   p - +0 cloak
rCorr    .         Harm     .   i - +0 pair of gloves
MR       .....                  (no boots)
Stlth    ++........             v - amulet of magic regeneration
HPRegen  0.00/turn              j - ring of wizardry
MPRegen  0.40/turn              u - +5 ring of dexterity

@: very slightly contaminated, heavily drained
A: small, mutation resistance 1, inhibited regeneration
a: Renounce Religion


You were on level 8 of the Dungeon.
You worshipped Sif Muna.
Sif Muna was noncommittal.
You were not hungry.

You visited 2 branches of the dungeon, and saw 10 of its levels.

You collected 192 gold pieces.

Inventory:

Hand Weapons
 a - a +1 dagger
 f - a +0 dagger of venom (weapon)
 k - a +0 hunting sling
Missiles
 m - 7 tomahawks (quivered)
 x - 16 sling bullets
Armour
 b - a +0 robe (worn)
 i - a +0 pair of gloves (worn)
 p - a +0 cloak (worn)
Jewellery
 j - a ring of wizardry (left hand)
 l - an uncursed amulet of harm
 u - a +5 ring of dexterity (right hand)
 v - an amulet of magic regeneration (around neck)
Wands
 s - a wand of paralysis (6)
Scrolls
 c - a scroll of blinking
 e - 2 scrolls of teleportation
 n - 3 scrolls of random uselessness
 o - 4 scrolls of remove curse
 q - a scroll of magic mapping
Potions
 g - 2 potions of flight
 h - a potion of brilliance {unknown}
 r - a potion of curing
Comestibles
 d - 10 rations


   Skills:
 - Level 0.7(0.0) Fighting
 - Level 10.0(8.6) Short Blades
 + Level 6.1(4.8) Dodging
 - Level 3.2(2.0) Stealth
 - Level 5.6(4.3) Spellcasting
 - Level 2.4(1.2) Hexes


You had one spell level left.
You knew the following spells:

 Your Spells              Type           Power        Failure   Level  Hunger
a - Corona                Hex            #......      4%          1    None
b - Ensorcelled Hibernat  Hex/Ice        #.....       8%          2    ##.....
c - Dazzling Spray        Conj/Hex       #.....       16%         3    ###....
d - Confuse               Hex            #.......     12%         3    ###....
e - Mephitic Cloud        Conj/Pois/Air  #.......     19%         3    ###....
f - Blink                 Tloc           N/A          10%         2    ##.....
g - Call Imp              Summ           #.......     10%         2    ##.....
h - Apportation           Tloc           #.....       6%          1    None
i - Animate Skeleton      Necr           N/A          6%          1    None

Your spell library contained the following spells:

 Spells                   Type           Power        Failure   Level  Hunger
 Confusing Touch          Hex            #.....       4%          1    None
 Magic Dart               Conj           #...         6%          1    None
 Summon Small Mammal      Summ           #...         6%          1    None
 Slow                     Hex            #.......     6%          2    ##.....
 Tukima's Dance           Hex            #.......     12%         3    ###....
 Conjure Flame            Conj/Fire      #.......     19%         3    ###....


Dungeon Overview and Level Annotations

Branches:
Dungeon (9/15)             Temple (1/1) D:6
   Lair: D:8-11         Orc: D:9-12

Altars:
Ashenzari
Cheibriados
Dithmenos
Gozag
Hepliaklqana
Kikubaaqudgha
Makhleb
Nemelex Xobeh
Qazlal
Ru
Sif Muna
Uskayaw
Vehumet
Wu Jian
Xom
Yredelemnul
Zin
The Shining One

Annotations:
D:6 exclusion: centaur


Innate Abilities, Weirdness & Mutations

You are small and have problems with some larger weapons.
You are somewhat resistant to further mutation.
You do not regenerate when monsters are visible.


Message History

Sif Muna accepts your kill.
The spray of energy misses the giant cockroach.
The spray of energy misses the orc warrior.
The spray of energy hits the orc warrior.
The orc warrior is dazzled.
The giant cockroach closely misses you.
Casting: Dazzling Spray (safe; 16% risk of failure)
Confirm with . or Enter, or press ? or * to list all spells.
Aiming: Dazzling Spray (safe; 16% risk of failure)
Press: ? - help, Shift-Dir - straight line You miscast Dazzling Spray.
You are very lightly contaminated with residual magic.
The light around you dims momentarily. The giant cockroach barely misses you.
The orc warrior hits you from afar with a +0 halberd!
The orc shouts!
The giant cockroach barely misses you.
The orc warrior hits you from afar with a cursed +0 halberd!
* * * LOW HITPOINT WARNING * * *
The giant cockroach misses you.
The orc warrior hits you from afar with a +0 halberd!
You die...

......#...o.............
..............รท....#####.##
###...............(..###
...........#.........).##...
...........#........(........
...........#...............##
#.<.................##.####
#.....................#
#.........#...@so...###
#.#...##..##.....##.o..
#......##.##....o#########
#.........##..##.).......#
#.##.......#..###.)......# #.
#.....(....# #..<.....# #.
#.........####.......[#
#.##........####....(....# ####
#..#.##.....((...........###...


You could see 2 orc warriors, an orc (blind) and a giant cockroach.

Vanquished Creatures
  A two-headed ogre (D:4)
  A hornet (D:8)
  A hippogriff (D:8)
  A sky beast (D:8)
  An orc warrior (D:8)
  A phantom (D:7)
  2 ogres
  A wyvern skeleton (D:6)
  A water moccasin zombie (D:7)
  A howler monkey (D:7)
  3 hounds
  A bullfrog skeleton (D:7)
  A jelly (D:7)
  An iguana (D:8)
  8 orc wizards
  6 worker ants
  2 gnolls (D:7)
  5 adders
  3 oozes
  A worm (D:4)
  2 dart slugs
  A leopard gecko (D:4)
  25 orcs
  A ball python (D:3)
  3 giant cockroaches
  4 goblins
  2 hobgoblins (D:1)
  7 jackals
  8 kobolds
  4 quokkas
  2 bats
  4 frilled lizards
  A quokka zombie (D:6)
  4 rats
110 creatures vanquished.

Vanquished Creatures (collateral kills)
  An orc (D:8)
1 creature vanquished.

Vanquished Creatures (others)
  An orc priest (D:7)
1 creature vanquished.

Grand Total: 112 creatures vanquished

Notes
Turn   | Place    | Note
-------+----------+-------------------------------------------
     0 | D:1      | Lavandula the Halfling Enchanter began the quest for the
                  | Orb.
     0 | D:1      | Reached XP level 1. HP: 11/11 MP: 3/3
    89 | D:1      | Reached skill level 2 in Short Blades
   144 | D:1      | Reached XP level 2. HP: 17/17 MP: 2/4
   155 | D:1      | Learned a level 2 spell: Ensorcelled Hibernation
   248 | D:1      | Reached skill level 3 in Short Blades
   276 | D:1      | Reached XP level 3. HP: 18/21 MP: 5/5
   572 | D:2      | Reached skill level 4 in Short Blades
   713 | D:2      | Found a glowing silver altar of Zin.
   826 | D:2      | Reached XP level 4. HP: 21/27 MP: 4/6
  1037 | D:3      | Reached skill level 5 in Short Blades
  1094 | D:4      | Reached XP level 5. HP: 31/31 MP: 7/7
  1099 | D:4      | Learned a level 3 spell: Dazzling Spray
  1143 | D:5      | Entered Level 5 of the Dungeon
  1484 | D:4      | Noticed a two-headed ogre
  1557 | D:4      | Killed a two-headed ogre
  1557 | D:4      | Reached skill level 5 in Spellcasting
  1557 | D:4      | Reached XP level 6. HP: 25/36 MP: 8/14
  1557 | D:4      | Reached XP level 7. HP: 28/41 MP: 8/15
  1557 | D:4      | Reached XP level 8. HP: 32/46 MP: 8/16
  1571 | D:4      | Learned a level 3 spell: Confuse
  1716 | D:5      | Found a hide-covered altar of Uskayaw.
  1716 | D:5      | Noticed a +0 dagger
  1716 | D:5      | Noticed a +0 hand axe
  1773 | D:5      | Reached skill level 6 in Short Blades
  1809 | D:5      | Got an ancient scythe
  1874 | D:5      | Found a shattered altar of Ashenzari.
  1880 | D:5      | Found a sparkling altar of Nemelex Xobeh.
  2006 | D:6      | Found a stormy altar of Qazlal.
  2009 | D:6      | Found a sacrificial altar of Ru.
  2015 | D:6      | Found an ornate altar of the Wu Jian Council.
  2103 | D:6      | Reached skill level 7 in Short Blades
  2352 | D:6      | Found a staircase to the Ecumenical Temple.
  2359 | Temple   | Entered the Ecumenical Temple
  2534 | Temple   | Became a worshipper of Sif Muna the Loreminder
  2903 | D:7      | Found a hazy altar of Hepliaklqana.
  2977 | D:7      | Reached skill level 8 in Short Blades
  3243 | D:7      | HP: 2/46 [orc wizard/magic dart (11)]
  3245 | D:7      | Gained mutation: You do not regenerate when monsters are
                  | visible. [potion of mutation]
  3251 | D:7      | HP: 1/69 [something (2)]
  3618 | D:7      | Reached skill level 9 in Short Blades
  3636 | D:7      | Reached XP level 9. HP: 35/51 MP: 13/17
  3745 | D:8      | Reached skill level 10 in Short Blades
  3823 | D:8      | Learned a level 3 spell: Mephitic Cloud
  3826 | D:8      | Learned a level 2 spell: Blink
  3829 | D:8      | Learned a level 2 spell: Call Imp
  3866 | D:9      | Learned a level 1 spell: Apportation
  3872 | D:8      | Learned a level 1 spell: Animate Skeleton
  3882 | D:8      | Noticed a hornet
  3896 | D:8      | Killed a hornet
  3911 | D:8      | Noticed a hippogriff
  3920 | D:8      | Killed a hippogriff
  3920 | D:8      | Reached skill level 5 in Dodging
  4506 | D:8      | Mangled by an orc warrior

Vault maps used:
D:1:      lightli_arrival_noodles, minmay_tall_x
D:2:      lemuel_doored_altar, fedhas_ov_isle_minmay
D:3:      minmay_fractal_squares_gapless_5
D:5:      dancing_weapons_uskayaw, minitemple, first_ration
D:6:      kennysheep_little_box, grunt_qazlal_clouds,
          grunt_temple_overflow_open, minmay_temple_entry_junction_2,
          uniq_pikel, uniq_prince_ribbit1, uniq_menkaure
D:7:      kennysheep_mini_moat, okawaru_metal_pillars_1_2
D:8:      elyvilon_altar_3, special_room, hangedman_ranch, minmay_crossroads
D:9:      erik_orc_1, serial_shops, kennysheep_mini, nicolae_shop_waterfront,
          shop, shop, nicolae_shop_waterfront, serial_glass, glass_columns_a,
          glass_columns_a, uniq_erica
Temple:   dpeg_chambers_temple

Skill      XL: |  1  2  3  4  5  6  7  8  9 |
---------------+----------------------------+-----
Short Blades   | 2 3 4 5 9 10 | 10.0
Spellcasting   | 5 |  5.6
Dodging        | 6 |  6.1
Fighting       | |  0.7
Stealth        | |  3.2
Hexes          | |  2.4

Action                   |  1- 3 |  4- 6 |  7- 9 || total
-------------------------+-------+-------+-------++-------
Melee: Dagger            |   114 |    44 |   275 ||   433
 Fire: Hunting sling     |       |     8 |       ||     8
 Cast: Corona            |    11 |     3 |     1 ||    15
       Ensorcelled Hiber |     7 |     7 |    49 ||    63
       Dazzling Spray    |       |     2 |    21 ||    23
       Confuse           |       |       |     8 ||     8
       Mephitic Cloud    |       |       |     4 ||     4
       Call Imp          |       |       |     1 ||     1
Evoke: Wand              |       |     1 |     4 ||     5
  Use: Potion            |       |       |     8 ||     8
       Scroll            |       |       |     7 ||     7
 Stab: Sleeping          |     5 |    12 |    24 ||    41
       Paralysed         |       |     2 |       ||     2
       Invisible         |       |     1 |     4 ||     5
       Confused          |       |       |     8 ||     8
  Eat: Chunk             |     1 |     2 |    11 ||    14
       Ration            |       |       |     1 ||     1
Armor: Robe              |    12 |     7 |    30 ||    49
Dodge: Dodged            |    90 |    34 |   153 ||   277

Table legend:
 A = Non-vault XP
 B = Vault XP
 C = Vault XP percentage of total XP
 D = Non-vault monster count
 E = Vault monster count
 F = Vault count percentage of total count
                 A         B        C        D         E       F
            +---------+---------+-------+---------+---------+-------
      Total |    2974 |     337 |  10.2 |      99 |      13 |  11.6
            +---------+---------+-------+---------+---------+-------
        D:1 |      18 |      17 |  48.6 |      11 |       4 |  26.7
        D:2 |      40 |       0 |   0.0 |      14 |       0 |   0.0
        D:3 |      53 |       0 |   0.0 |      10 |       0 |   0.0
        D:4 |     988 |       0 |   0.0 |      11 |       0 |   0.0
        D:5 |     156 |       0 |   0.0 |      13 |       0 |   0.0
        D:6 |     342 |       0 |   0.0 |       9 |       0 |   0.0
        D:7 |     720 |       3 |   0.4 |      21 |       1 |   4.5
        D:8 |     657 |     317 |  32.5 |      10 |       8 |  44.4
            +---------+---------+-------+---------+---------+-------
